 Dungeon Crawl Stone Soup version 0.28.0-43-g3370ac3207 (console) character file.

Game seed: 7706012579228530180

161 Zeor the Magician (level 5, -11/35 HPs)
             Began as a Djinni Fire Elementalist on Mar 24, 2022.
             Mangled by an ogre
             ... wielding a +0 giant club
              (22 damage)
             ... on level 4 of the Dungeon.
             The game lasted 00:10:08 (3533 turns).

Zeor the Magician (Djinni Fire Elementalist)        Turns: 3533, Time: 00:10:09

Health: -11/35     AC:  3    Str:  7    XL:     5   Next: 70%
Gold:   171        EV: 16    Int: 18    God:
                   SH:  0    Dex: 14

rFire   + + .      SeeInvis .   a - +2 whip (flame)
rCold   x . .      Faith    .   (no shield)
rNeg    . . .      Spirit   .   s - +0 robe
rPois   ∞          Reflect  .   (no helmet)
rElec   .          Harm     .   (no cloak)
rCorr   .          Rampage  .   g - +0 pair of gloves
Will    +....                   (boots unavailable)
Stlth   ++........              (no amulet)
HPRegen 0.11/turn               o - ring of willpower
MPRegen 0.00/turn               n - +4 ring of evasion

@: flying
A: sickness immunity, fire resistance 2, cold vulnerability 1, float, innate
caster, HP casting, extra vitality 1
a: no special abilities


You were on level 4 of the Dungeon.
You visited 1 branch of the dungeon, and saw 4 of its levels.

You collected 171 gold pieces.

Inventory:

Hand Weapons
 a - a +2 whip of flaming (weapon)
 d - a +1 short sword
Missiles
 l - 8 poisoned darts
 m - 51 arrows
Armour
 g - a +0 pair of gloves (worn)
 s - a +0 robe (worn)
Jewellery
 f - a ring of resist corrosion
 n - a +4 ring of evasion (right hand)
 o - a ring of willpower (left hand)
Wands
 q - a wand of flame (9)
Scrolls
 j - 2 scrolls of teleportation
Potions
 b - a potion of haste
 c - 2 potions of ambrosia
 e - a potion of curing
 h - a potion of invisibility {unknown}
 i - 3 potions of attraction
 k - a potion of lignification {unknown}
 p - a potion of brilliance {unknown}
 r - a potion of degeneration {unknown}


   Skills:
 + Level 2.2 Dodging
 + Level 1.8 Stealth
 * Level 4.5 Spellcasting


You couldn't memorise any spells.
You knew the following spells:

 Your Spells              Type           Power      Damage    Failure   Level
a - Foxfire               Conj/Fire      80%        2x1d8     2%          1
b - Scorch                Fire           40%        2d7       3%          2
c - Conjure Flame         Conj/Fire      20%        6-21      7%          3
d - Inner Flame           Hex/Fire       20%        N/A       7%          3
e - Flame Wave            Conj/Fire      20%        2d7       22%         4
f - Slow                  Hex            80%        N/A       2%          1
g - Poisonous Vapours     Pois/Air       40%        N/A       3%          2
Your spell library was empty.

Dungeon Overview and Level Annotations

Branches:
Dungeon (4/15)
 Temple: D:4-7

Altars:

Shops:
D:2 *


Innate Abilities, Weirdness & Mutations

You are immune to sickness and miasma.
You are immune to poison.
Your flesh is very heat resistant. (rF++)
You are vulnerable to cold. (rC-)
You float through the air rather than walking.
You learn spells naturally, not from books.
Your magical power is your life essence.
You have superior vitality. (+4 MHP)


Message History

Casting: Scorch (safe; 3% risk of failure)
Confirm with . or Enter, or press ? or * to list all spells.
Flames lash the orc.
You kill the orc!
There is a large open door here.
Things that are here:
a +2 whip of flaming; a kobold corpse
s - a +2 whip of flaming Your +2 whip of flaming bursts into flame!
s - a +2 whip of flaming (weapon)
Adjust (i)tems, (s)pells, or (a)bilities?
s - a +2 whip of flaming (weapon)
Adjust to which letter? (? for menu, Esc to quit)
a - a +2 whip of flaming (weapon);
s - a +0 robe (worn)
Things that are here:
a +0 club; a boomerang; an orc corpse
There is a large open door here.
You reach down and open the large door.
A hound skeleton, a hobgoblin, an ogre and a quokka skeleton come into view.
Found four items.
Casting: Scorch (safe; 3% risk of failure)
Confirm with . or Enter, or press ? or * to list all spells.
Flames lash the quokka skeleton.
You destroy the quokka skeleton!
You start resting.
There are monsters nearby!
Casting: Scorch (safe; 3% risk of failure)
Confirm with . or Enter, or press ? or * to list all spells.
Flames lash the hobgoblin.
You kill the hobgoblin!
The ogre hits you with a +0 giant club!!
Ouch! That really hurt!
Casting: Scorch (safe; 3% risk of failure)
Confirm with . or Enter, or press ? or * to list all spells.
Flames lash the ogre.
The ogre is lightly wounded.
The ogre's fire resistance burns away.
The ogre hits you with a +0 giant club!!
Ouch! That really hurt!
You die...

▒▒▒ ▒▒▒▒▒
▒▒▒∙∙▒▒▒∙∙∙▒▒▒▒▒▒▒▒▒ ▒
∙∙∙∙∙∙∙∙∙∙∙∙∙∙∙∙∙∙∙▒ ▒▒
∙∙∙∙∙∙∙∙∙∙▒∙▒†'▒∙▒∙▒ ▒▒∙
▒∙∙∙∙∙∙∙∙∙∙▒)∙▒∙∙∙▒ ▒∙∙
▒▒▒∙∙∙∙∙Z▒▒▒▒▒▒▒▒∙▒▒▒∙∙
▒▒∙∙∙∙∙O∙■ ▒($Zg'∙∙▒∙∙∙
▒∙∙∙∙∙R∙∙■ ▒[?O∙'Z∙▒∙∙▒
▒∙∙∙∙∙∙∙∙▒▒▒▒▒▒▒▒∙∙∙▒▒▒
▒∙∙∙∙∙∙∙∙∙∙∙▒)∙▒∙∙∙▒▒▒▒∙
∙∙∙∙∙∙∙∙∙∙▒∙▒''▒∙▒∙∙▒▒∙∙
∙∙∙∙∙∙∙∙∙∙∙∙÷∙∙∙∙∙∙∙∙∙∙▒
∙∙∙∙∙∙∙∙∙∙∙∙∙∙∙∙∙▒▒▒∙∙▒∙


∙∙∙∙∙∙∙∙∙∙>∙∙∙∙∙∙∙∙∙∙∙∙∙ ∙∙∙∙∙∙∙∙∙∙∙∙∙∙∙∙∙∙∙∙∙∙>∙ ▒▒▒▒∙∙∙∙∙∙∙∙∙∙∙∙∙∙∙▒∙∙ You
could see an ogre (combustible) and a hound skeleton.

Vanquished Creatures
  A bullfrog (D:4)
  3 adders
  An adder skeleton (D:2)
  A worm (D:2)
  A dart slug (D:1)
  3 orcs
  6 endoplasms
  3 giant cockroaches
  5 hobgoblins
  9 kobolds
  3 quokkas (D:3)
  7 ball pythons
  6 bats
  2 frilled lizards
  6 goblins
  A quokka skeleton (D:4)
  4 rats
62 creatures vanquished.

Vanquished Creatures (others)
  88 foxfires
88 creatures vanquished.

Grand Total: 150 creatures vanquished

Notes
Turn   | Place    | Note
-------+----------+-------------------------------------------
     0 | D:1      | Zeor the Djinni Fire Elementalist began the quest for the
                  | Orb.
     0 | D:1      | Reached XP level 1. HP: 15/15 MP: 0/0
   409 | D:1      | Reached XP level 2. HP: 17/21 MP: 0/0
   796 | D:1      | Reached skill level 3 in Spellcasting
  1392 | D:2      | Reached XP level 3. HP: 25/25 MP: 0/0
  1392 | D:2      | Learned a level 1 spell: Slow
  2111 | D:2      | Reached XP level 4. HP: 29/31 MP: 0/0
  2173 | D:2      | Found Lubusm's Assorted Antiques.
  3168 | D:4      | Reached skill level 4 in Spellcasting
  3169 | D:4      | Noticed a bullfrog
  3175 | D:4      | Killed a bullfrog
  3176 | D:4      | Reached XP level 5. HP: 5/35 MP: 0/0
  3176 | D:4      | Learned a level 2 spell: Poisonous Vapours
  3517 | D:4      | Noticed an ogre
  3533 | D:4      | Mangled by an ogre

Illustrated notes

Levels and vault maps discovered:
D:1:      ebering_trefoil_twist, layout_loops_corners
D:2:      layout_basic, serial_shops, nicolae_shop_overgrown_old_shop,
          serial_park_tiny_2, hangedman_feature_mirror
D:3:      layout_rooms, minivault_25
D:4:      layout_cave_pods, elyvilon_altar_1, serial_glass, glass_columns_b,
          glass_columns_b, glass_columns_a, glass_columns_a, glass_columns_b,
          glass_columns_a, nrook_uturn, minmay_misc_feat_doors, minmay_mini_jars

Skill      XL: |  1  2  3  4 |
---------------+-------------+-----
Spellcasting   | 3 4 |  4.5
Dodging        | |  2.2
Stealth        | |  1.8

Action                   |  1- 3 |  4- 6 || total
-------------------------+-------+-------++-------
Melee: Short sword       |     2 |     1 ||     3
 Cast: Foxfire           |    36 |    18 ||    54
       Scorch            |    12 |    23 ||    35
       Inner Flame       |     1 |       ||     1
  Use: Scroll            |     5 |     4 ||     9
       Potion            |       |     1 ||     1
 Stab: Sleeping          |     1 |     1 ||     2
Armor: Robe              |     3 |     2 ||     5
Dodge: Dodged            |     6 |     6 ||    12
